Map: Efflorescence LE

Players

qqq

  • Race: Zerg Zerg
  • League: Platinum
  • Spawn Location: 6:00

Massa

  • Race: Terran Terran
  • League: Gold
  • Spawn Location: 9:00

SkiLongLion - Winner!

  • Race: Zerg Zerg
  • League: Diamond
  • Spawn Location: 12:00

Nishod - Winner!

  • Race: Protoss Protoss
  • League: Diamond
  • Spawn Location: 3:00

VOD

Have the link to the VOD?

Description

Time

  • Played on: July 27, 2020, 11:35 a.m.
  • Length: 4:30
Show
View Real Time Build Order
Export as new Build Order

qqq Zerg 

Build Orders: Hatch First 

Get SALT Encoding   

  12  0:02  Drone  
  13  0:09  Drone  
  14  0:37  Hatchery  
  13  0:54  Spawning Pool  
  12  0:58  Drone  
  13  1:04  Overlord  
  13  1:09  Drone  
  14  1:14  Extractor  
  13  1:20  Drone  
  14  1:29  Drone  
  15  1:33  Drone  
  16  1:42  Queen  
  16  1:43  Drone  
  19  2:00  Drone  
  20  2:04  Drone  
  20  2:05  Queen  
  23  2:09  Drone  
  23  2:13  Drone  
  25  2:18  Zergling x2  
  26  2:26  Zergling x2  
  27  2:36  Spine Crawler, Zergling x2  
  27  2:38  Zergling x2  
  25  2:57  Zergling x4  
  25  2:58  Zergling x2  
  26  3:13  Overlord  
  26  3:19  Spine Crawler, Baneling Nest  
  22  3:33  Zergling x6  
Show
View Real Time Build Order
Export as new Build Order

Massa Terran 

Build Orders:  

Get SALT Encoding   

  12  0:01  SCV  
  13  0:13  SCV  
  14  0:18  Supply Depot  
  14  0:25  SCV  
  15  0:40  SCV  
  15  0:41  Barracks  
  16  0:52  SCV  
  16  0:55  Supply Depot  
  17  1:01  Refinery  
  17  1:04  SCV  
  18  1:12  Refinery  
  18  1:16  SCV  
  19  1:28  SCV  
  20  1:35  Marine  
  21  1:43  SCV  
  22  1:54  Factory  
  22  1:55  SCV  
  23  2:06  Barracks Reactor  
  23  2:07  Orbital Command  
  22  3:02  Barracks  
  22  3:05  Widow Mine x2  
  26  3:06  Barracks  
  26  3:12  SCV  
  27  3:24  SCV  
  27  3:26  Widow Mine  
  30  3:33  Supply Depot  
  30  3:46  Barracks Tech Lab  
  30  3:55  Widow Mine x2  
  34  3:56  Supply Depot  
  34  4:00  Barracks Reactor, Barracks Tech Lab  
  32  4:06  Marauder  
  34  4:20  Supply Depot  
Show
View Real Time Build Order
Export as new Build Order

SkiLongLion Zerg - Winner!

Build Orders: Pool First 

Get SALT Encoding   

  12  0:01  Drone  
  13  0:16  Extractor  
  12  0:24  Spawning Pool  
  11  0:29  Drone  
  12  0:36  Drone  
  12  0:40  Drone  
  14  0:55  Overlord  
  14  1:14  Zergling x6  
  14  1:15  Metabolic Boost  
  17  1:26  Zergling x2  
  18  1:36  Zergling x2  
  19  1:55  Hatchery  
  19  1:56  Overlord  
  18  2:05  Zergling x2  
  19  2:10  Zergling x2  
  20  2:22  Zergling x2  
  21  2:32  Zergling x2  
  22  2:41  Zergling x2  
  22  2:59  Zergling x2  
  22  3:02  Queen  
  22  3:03  Overlord  
  25  3:10  Zergling x2  
  26  3:19  Zergling x4  
  28  3:27  Zergling x2  
  28  3:32  Zergling x2  
  29  3:36  Zergling x2  
  30  3:45  Zergling x4  
  30  3:46  Queen x2  
  36  3:50  Drone  
Show
View Real Time Build Order
Export as new Build Order

Nishod Protoss - Winner!

Build Orders:  

Get SALT Encoding   

  12  0:01  Probe  
  13  0:13  Probe  
  14  0:20  Pylon  
  14  0:25  Probe  
  15  0:37  Probe  
  16  0:42  Gateway  
  16  0:45  Probe  
  17  0:54  Gateway  
  17  1:06  Gateway  
  17  1:12  Assimilator  
  17  1:19  Probe  
  18  1:30  Zealot  
  18  1:31  Probe  
  21  1:33  Pylon  
  21  1:41  Zealot  
  23  1:53  Pylon, Zealot  
  25  2:03  Cybernetics Core  
  25  2:08  Zealot  
  27  2:21  Zealot x2  
  31  2:35  Zealot  
  33  2:48  Zealot, Adept  
  37  3:10  Adept  
  39  3:47  Adept  
Tags
 
Add a new tag
Caveats
  • Supply blocks, unpowered buildings, or Contaminate may cause inaccurate times.
  • Supply counts are checked every 10 seconds.